 Dungeon Crawl Stone Soup version 0.31-a0-703-gcfe89afef6 (webtiles) character file.

Game seed: 6253248977744762983

64825 Xavori the Unseen (level 15, -1/105 HPs)
             Began as an Octopode Chaos Knight on Sept 8, 2023.
             Was a Plaything of Xom.
             Slain by a torpor snail (21 damage)
             ... on level 5 of the Lair of Beasts.
             The game lasted 00:30:41 (18672 turns).

Xavori the Unseen (Octopode Chaos Knight)          Turns: 18672, Time: 00:30:42

Health: -1/105     AC:  6    Str: 13      XL:     15   Next: 14%
Magic:  24/24      EV: 28    Int: 20 (21) God:    Xom [....*.]
Gold:   1287       SH:  9    Dex: 16 (17) Spells: 14/14 levels left

rFire   + + .        o - +4 dagger
rCold   + + +        U - +0 kite shield
rNeg    + . .        f - +1 hat
rPois   .            E - amulet of regeneration
rElec   +            t - +6 ring of intelligence
rCorr   .            w - ring of willpower
SInv    +            x - ring of protection from cold
Will    +++++        g - +5 ring of evasion
Stlth   +++++++++    Y - ring "Anlent" {rN+ MP+9 Str+2 Stlth+}
HPRegen 1.17/turn    F - +5 ring of evasion
MPRegen 0.19/turn    K - ring of see invisible
                     P - +4 ring of slaying

%: clarity
@: cleaving, on berserk cooldown, slowed, very slow
A: almost no armour, amphibious, 8 rings, camouflage 1, gelatinous body 1,
(nimble swimmer 1), tentacles, beak, tentacle spike 2, iridescent scales 2,
clarity, clumsy 1, cold resistance 2, deterioration 1, fire resistance 2,
strong-willed 3, mutation resistance 1, sense surroundings 1, electricity
resistance, MP-powered wands
a: Renounce Religion


You were on level 5 of the Lair of Beasts.
You worshipped Xom.
You were a beloved toy of Xom.
You visited 2 branches of the dungeon, and saw 16 of its levels.
You also visited: Ice Cave.

You collected 1899 gold pieces.
You spent 612 gold pieces at shops.

Inventory:

Hand Weapons
 a - a +0 vampiric short sword
 o - a +4 dagger (weapon)
 H - a +2 dagger of venom
Missiles
 G - a throwing net
Armour
 f - a +1 hat (worn)
 U - a +0 kite shield (worn)
Jewellery
 g - a +5 ring of evasion (on tentacle)
 j - the amulet "Jaghoog" {RegenMP rPois rF+ Int+3}
   (You found it on level 2 of the Dungeon)

   [amulet of magic regeneration]

   RegenMP:   It increases your rate of magic regeneration.
   Int+3:     It affects your intelligence (+3).
   rF+:       It protects you from fire.
   rPois:     It protects you from poison
 t - a +6 ring of intelligence (left tentacle)
 w - a ring of willpower (right tentacle)
 x - a ring of protection from cold (on tentacle)
 A - a ring of wizardry
 E - an amulet of regeneration (around mantle)
 F - a +5 ring of evasion (on tentacle)
 K - a ring of see invisible (on tentacle)
 L - a ring of fire
 P - a +4 ring of slaying (on tentacle)
 Y - the ring "Anlent" (on tentacle) {rN+ MP+9 Str+2 Stlth+}
   (Xom gifted it to you on level 5 of the Lair of Beasts)

   [ring of positive energy]

   Str+2:     It affects your strength (+2).
   rN+:       It protects you from negative energy.
   MP+9:      It affects your magic capacity (+9).
   Stlth+:    It makes you more stealthy.
Talismans
 O - a serpent talisman
Wands
 y - a wand of mindburst (18)
 D - a wand of quicksilver (6)
 J - a wand of flame (13)
 M - a wand of charming (7)
 T - a wand of iceblast (6)
Scrolls
 b - a scroll of butterflies
 e - a scroll of brand weapon
 h - 3 scrolls of identify
 i - 6 scrolls of noise
 k - a scroll of summoning
 m - 3 scrolls of teleportation
 q - 5 scrolls of enchant weapon
 r - 6 scrolls of poison
 C - 4 scrolls of blinking
 N - a scroll of amnesia
 Q - 2 scrolls of vulnerability
 R - a scroll of immolation
 S - a scroll of fear
 V - a scroll of fog
Potions
 c - 4 potions of cancellation
 d - a potion of enlightenment {unknown}
 l - 5 potions of might
 p - a potion of mutation
 s - 2 potions of magic
 u - a potion of ambrosia
 v - 2 potions of resistance
 z - 2 potions of heal wounds
 I - 5 potions of curing
 W - a potion of invisibility {unknown}
 X - a potion of lignification
 Z - a potion of haste {unknown}
Miscellaneous
 n - a phial of floods


   Skills:
 + Level 10.7 Fighting
 + Level 11.1 Short Blades
 + Level 12.3 Dodging
 + Level 19.6 Stealth
 + Level 3.1 Shields
 * Level 10.6 Evocations
 * Level 6.4 Shapeshifting


You had 14 spell levels left.
You didn't know any spells.
Your spell library contained the following spells:

 Spells                   Type           Power      Damage    Failure   Level
 Apportation              Tloc           0%         N/A       56%         1
 Necrotise                Necr           0%         1d4       56%         1
 Summon Small Mammal      Summ           0%         N/A       56%         1
 Ensorcelled Hibernation  Hex/Ice        0%         N/A       71%         2
 Jinxbite                 Hex            0%         N/A       71%         2
 Poisonous Vapours        Pois/Air       0%         N/A       71%         2
 Sublimation of Blood     Necr           0%         N/A       71%         2
 Wereblood                Tmut           0%         N/A       71%         2
 Gell's Gravitas          Tloc           0%         N/A       90%         3
 Inner Flame              Hex/Fire       0%         N/A       90%         3
 Mephitic Cloud           Conj/Pois/Air  0%         N/A       90%         3
 Ozocubu's Armour         Ice            0%         N/A       90%         3
 Summon Guardian Golem    Hex/Summ       0%         N/A       90%         3
 Teleport Other           Tloc           0%         N/A       90%         3
 Anguish                  Hex/Necr       0%         N/A       100%        4
 Dispel Undead            Necr           0%         3d6       100%        4
 Flame Wave               Conj/Fire      0%         2d4       100%        4
 Sticky Flame             Conj/Fire      0%         2d3       100%        4
 Vhi's Electric Charge    Tloc/Air       0%         N/A       100%        4
 Arcjolt                  Conj/Air       0%         1d10      100%        5
 Freezing Cloud           Conj/Ice/Air   0%         6-21      100%        5
 Metabolic Englaciation   Hex/Ice        0%         N/A       100%        5
 Dispersal                Tloc           0%         N/A       100%        6
 Simulacrum               Ice/Necr       0%         N/A       100%        6
 Orb of Destruction       Conj           0%         9d5       100%        7
 Spellforged Servitor     Conj/Summ      0%         N/A       100%        7
 Summon Hydra             Summ           0%         N/A       100%        7
 Borgnjor's Revivificati  Necr           0%         N/A       100%        8
 Maxwell's Capacitive Co  Air            0%         ∞         100%        8


Dungeon Overview and Level Annotations

Branches:
Dungeon (11/15)            Temple (0/1) D:5            Lair (5/5) D:11
 Shoals (0/4) Lair:2       Spider (0/4) Lair:2        Slime (0/5) Lair:5
    Orc (0/2) D:10          IceCv (visited)

Altars:
Dithmenos
Gozag
Hepliaklqana
Makhleb
Nemelex Xobeh
Qazlal
Ru
Sif Muna
Uskayaw
Wu Jian
Xom
The Shining One
Jiyva

Shops:
D:1 :   D:3 !   D:10 =

Annotations:
Lair:5 1 runed translucent door


Innate Abilities, Weirdness & Mutations

You cannot wear most types of armour.
You are amphibious.
You can wear up to eight rings at the same time.
Your skin changes colour to match your surroundings (Stealth+).
Your rubbery body absorbs attacks. (AC +1, EV +1)
((You are camouflaged when in or above water. (Stealth+)))
You have tentacles for arms and can constrict up to eight enemies at once.
You have a beak for a mouth.
One of your tentacles bears a nasty spike.
You are mostly covered in iridescent scales. (AC +4)
You possess an exceptional clarity of mind.
You are clumsy. (Dex -2)
Your flesh is very cold resistant. (rC++)
Your body sometimes deteriorates upon taking damage.
Your flesh is very heat resistant. (rF++)
You are extremely strong-willed. (Will+++)
You are somewhat resistant to further mutation.
You passively map a small area around you.
You are resistant to electric shocks. (rElec)
You expend magic power (3 MP) to strengthen your wands.


Message History

Press: ? - help, Dir - move target
Okay, then.
As you read the scroll of fear, it crumbles to dust.
You assume a fearsome visage.
The torpor snail easily resists.
The hornet looks frightened!
The torpor snail looks frightened!
Unknown command.
Unknown command.
You hit the torpor snail.
You pierce the torpor snail.
You peck the torpor snail, but do no damage.
You squeeze the torpor snail.
The torpor snail is heavily wounded.
The torpor snail misses you.
You hit the torpor snail but do no damage.
Your tentacle spike misses the torpor snail.
You peck the torpor snail, but do no damage.
You squeeze the torpor snail, but do no damage.
The torpor snail is heavily wounded.
The torpor snail looks more energetic.
A tyrant leech comes into view.
You hit the torpor snail.
The torpor snail is severely wounded.
You block the torpor snail's attack.
Cornered, the torpor snail turns to fight!
Xom grants you a minor favour.
Your +4 dagger looks sharp.
The torpor snail completely misses you.
You puncture the torpor snail!
You pierce the torpor snail, but do no damage.
The torpor snail is almost dead.
You hit the torpor snail but do no damage.
The torpor snail bites you.
* * * LOW HITPOINT WARNING * * *
The torpor snail misses you.
You hit the torpor snail but do no damage.
You pierce the torpor snail, but do no damage.
You squeeze the torpor snail.
The torpor snail is almost dead.
You hit the torpor snail. The torpor snail bites you!!
You die...
Xom chuckles heartily!

###########
#.##...##.# *
###§†.w....### ∆
##
##.@w.###†....##,
, .##### ##...w##
##.....# .....#
#.⌠.##.#
#.##.....#
.....## ##...###
##* ##.....
#...#.# *
#+#...## ....
#....## $$###...#
* ..., #.....#
#$.$∆ ##..## ##..
...##.# #$$$∆∆
##..## ##...#
#...#.###$$$∆
###...# ##...#.


You could see a tyrant leech and 2 torpor snails.

Vanquished Creatures
  Gastronok (Lair:2)
  Kirke (Lair:3)
  5 azure jellies
  An emperor scorpion (Lair:3)
  2 quicksilver oozes (Lair:5)
  3 hydras
  A catoblepas (Lair:4)
  A two-headed ogre (D:11)
  Urug (Lair:1)
  4 skeletal warriors (D:11)
  A skyshark (Lair:3)
  2 ugly things
  2 manticores (D:11)
  2 cyclopes (D:11)
  19 elephants
  4 black mambas
  3 ice statues
  2 torpor snails (Lair:5)
  Maggie (Lair:2)
  11 cane toads
  An unseen horror (D:11)
  5 rime drakes
  2 freezing wraiths
  8 komodo dragons
  4 trolls
  6 polar bears
  3 hornets (Lair:5)
  Grinder (D:4)
  7 dream sheep (Lair:5)
  8 blink frogs (Lair:5)
  A jumping spider (Lair:2)
  18 slime creatures
  2 wraiths (D:11)
  42 yaks
  3 shadows
  2 wyverns
  6 hogs (Lair:3)
  2 basilisks
  5 steam dragons
  2 death yak simulacra
  Edmund (D:5)
  A hydra simulacrum (IceCv)
  11 water moccasins
  6 orc warriors
  A swamp drake (D:11)
  2 sky beasts
  A black bear (D:8)
  7 ice beasts
  2 ogres
  27 wolves
  2 centaurs
  3 phantoms
  2 kobold brigands
  11 bullfrogs
  9 scorpions
  A cane toad simulacrum (Lair:2)
  13 wights
  2 elephant simulacra
  3 killer bees (D:7)
  3 electric eels (D:11)
  5 howler monkeys
  4 hounds
  22 jellies
  8 orc priests
  Crazy Yiuf (D:7)
  A gnoll bouda (D:7)
  5 iguanas
  11 orc wizards
  A polar bear simulacrum (IceCv)
  4 hell rats (Lair:1)
  A wolf simulacrum (IceCv)
  7 adders
  12 gnolls
  A shadow imp (D:6)
  4 white imps
  3 worms
  2 dart slugs
  76 orcs
  7 ball pythons
  7 bats
  6 endoplasms
  A giant cockroach (D:3)
  2 goblins
  6 hobgoblins
  9 jackals
  4 quokkas
  6 frilled lizards
  3 goblin zombies (D:6)
  2 hobgoblin zombies (D:6)
  19 kobolds
  3 kobold skeletons (D:6)
  4 kobold zombies (D:6)
  2 orc zombies (D:6)
  8 rats
560 creatures vanquished.

Vanquished Creatures (collateral kills)
  Josephine (D:11)
  A lindwurm (Lair:5)
  2 slime creatures
  A cane toad (Lair:5)
  A komodo dragon (D:11)
  3 wraiths (D:11)
  2 yaks (Lair:1)
  A scorpion (D:11)
  4 wights
  A jelly (Lair:5)
17 creatures vanquished.

Vanquished Creatures (others)
  An elephant (Lair:5)
  A torpor snail (Lair:5)
  A komodo dragon (Lair:5)
  A hornet (Lair:5)
  2 yaks (Lair:5)
  An ogre (D:4)
7 creatures vanquished.

Grand Total: 584 creatures vanquished

Notes
Turn   | Place    | Note
-------+----------+-------------------------------------------
     0 | D:1      | Xavori the Octopode Chaos Knight began the quest for the
                  | Orb.
     0 | D:1      | Reached XP level 1. HP: 16/16 MP: 1/1
    77 | D:1      | XOM: 1-stop teleportation journey
    82 | D:1      | Found Ygadgh's Vocational Training.
    90 | D:1      | Reached XP level 2. HP: 21/21 MP: 2/2
   130 | D:1      | XOM: 5-stop teleportation journey
   512 | D:1      | XOM: give mutations
   512 | D:1      | Gained mutation: Your muscles are strong. (Str +4, Int/Dex
                  | -1) [Xom's mischief]
   512 | D:1      | Gained mutation: You have an increased reservoir of magic.
                  | (+10% MP) [Xom's mischief]
   512 | D:1      | Gained mutation: You are strong-willed. (Will+) [Xom's
                  | mischief]
   689 | D:1      | XOM: give mutations
   689 | D:1      | Gained mutation: You are dopey. (Int -2) [Xom's mischief]
   689 | D:1      | Lost mutation: You have an increased reservoir of magic.
                  | (+10% MP) [Xom's mischief]
   778 | D:1      | XOM: give mutations
   778 | D:1      | Lost mutation: Your muscles are strong. (Str +4, Int/Dex
                  | -1) [Xom's mischief]
   778 | D:1      | Lost mutation: You are dopey. (Int -2) [Xom's mischief]
   778 | D:1      | Gained mutation: Your body sometimes deteriorates upon
                  | taking damage. [Xom's mischief]
  1007 | D:1      | XOM: noise
  1181 | D:1      | XOM is BORED!
  1181 | D:1      | XOM: give mutations
  1181 | D:1      | Gained mutation: Your flesh is cold resistant. (rC+) [Xom's
                  | mischief]
  1181 | D:1      | Gained mutation: You are covered in fur. (AC +1) [Xom's
                  | mischief]
  1414 | D:1      | XOM: god gift: yellow potion {god gift}
  1514 | D:1      | XOM: give mutation
  1514 | D:1      | Gained mutation: You are dopey. (Int -2) [Xom's mischief]
  1523 | D:1      | XOM: summons 2 hostile demons
  1524 | D:1      | Noticed a red devil
  1781 | D:1      | XOM: give mutations
  1781 | D:1      | Lost mutation: You are covered in fur. (AC +1) [Xom's
                  | mischief]
  1781 | D:1      | Gained mutation: You are clumsy. (Dex -2) [Xom's mischief]
  1781 | D:1      | Lost mutation: Your flesh is cold resistant. (rC+) [Xom's
                  | mischief]
  1894 | D:1      | XOM: give mutations
  1894 | D:1      | Gained mutation: You are partially covered in iridescent
                  | scales. (AC +2) [Xom's grace]
  1894 | D:1      | Gained mutation: You are mostly covered in iridescent
                  | scales. (AC +4) [Xom's grace]
  1894 | D:1      | Gained mutation: You have hidden genetic potential. [Xom's
                  | grace]
  2046 | D:2      | Reached skill level 1 in Stealth
  2046 | D:2      | Reached XP level 3. HP: 19/26 MP: 3/3
  2277 | D:2      | XOM: divination: magic mapping
  2284 | D:2      | Gained mutation: You are highly strong-willed. (Will++)
                  | [hidden potential]
  2324 | D:2      | Identified the amulet "Jaghoog" {RegenMP rPois rF+ Int+3}
  2414 | D:2      | XOM: give mutations
  2414 | D:2      | Gained mutation: Your flesh is heat resistant. (rF+) [Xom's
                  | grace]
  2414 | D:2      | Lost mutation: You are dopey. (Int -2) [Xom's grace]
  2606 | D:2      | XOM: god gift: 3 boomerangs
  2661 | D:2      | XOM: god gift: 407 gold pieces
  2750 | D:2      | XOM: scenery: 1 doors open
  2955 | D:2      | Found a faded altar of an unknown god.
  3031 | D:3      | XOM: give mutations
  3031 | D:3      | Gained mutation: Your flesh is cold resistant. (rC+) [Xom's
                  | grace]
  3031 | D:3      | Gained mutation: One of your tentacles bears a spike.
                  | [Xom's grace]
  3031 | D:3      | Gained mutation: You expend magic power (3 MP) to
                  | strengthen your wands. [Xom's grace]
  3037 | D:3      | Reached XP level 4. HP: 32/32 MP: 4/4
  3055 | D:3      | XOM: scenery: summon butterflies
  3062 | D:3      | Reached skill level 2 in Stealth
  3097 | D:3      | HP: 1/32 [gnoll/+0 flail (8)]
  3110 | D:3      | Gained mutation: One of your tentacles bears a nasty spike.
                  | [hidden potential]
  3110 | D:3      | Lost mutation: You have hidden genetic potential. [hidden
                  | potential expressed]
  3374 | D:3      | Found Tyuschas's Distillery.
  3382 | D:3      | Bought a potion of berserk rage for 50 gold pieces
  3382 | D:3      | Bought a potion of heal wounds for 50 gold pieces
  3382 | D:3      | Bought a potion of mutation for 80 gold pieces
  3408 | D:3      | Reached skill level 3 in Stealth
  3408 | D:3      | Reached XP level 5. HP: 37/37 MP: 5/5
  3442 | D:3      | Found a sparkling altar of Nemelex Xobeh.
  3471 | D:3      | XOM: torment (20/37 hp)
  3659 | D:3      | Found a burning altar of Makhleb.
  3848 | D:3      | Identified the +5 war axe of the Several Knives {heavy,
                  | +Blink rF+ Int+2}
  4129 | D:4      | Noticed Grinder
  4131 | D:4      | XOM: fake destruction
  4135 | D:4      | XOM: fake destruction
  4140 | D:4      | Killed Grinder
  4141 | D:4      | Reached skill level 5 in Stealth
  4141 | D:4      | Reached XP level 6. HP: 29/43 MP: 6/6
  4190 | D:4      | XOM: god gift: 53 gold pieces
  4274 | D:4      | HP: 1/43 [ogre/+0 giant club (16)]
  4276 | D:4      | XOM: divine lightning
  4569 | D:4      | Reached skill level 5 in Short Blades
  4569 | D:4      | Reached XP level 7. HP: 47/48 MP: 7/7
  4584 | D:4      | XOM: fog
  4588 | D:4      | Reached skill level 6 in Stealth
  4715 | D:4      | Found a stormy altar of Qazlal.
  4906 | D:4      | Reached skill level 7 in Stealth
  4970 | D:5      | Entered Level 5 of the Dungeon
  5091 | D:5      | XOM: give mutation
  5091 | D:5      | Lost mutation: One of your tentacles bears a nasty spike.
                  | [Xom's mischief]
  5112 | D:5      | Reached XP level 8. HP: 54/54 MP: 8/8
  5144 | D:5      | XOM: god gift: 2 potions of berserk rage
  5155 | D:5      | Found a staircase to the Ecumenical Temple.
  5204 | D:5      | XOM: give mutations
  5204 | D:5      | Gained mutation: You have hidden genetic potential. [Xom's
                  | grace]
  5204 | D:5      | Gained mutation: Your spells are a little harder to cast,
                  | but a little more powerful. [Xom's grace]
  5322 | D:5      | Reached skill level 8 in Stealth
  5362 | D:5      | XOM: give mutations
  5362 | D:5      | Gained mutation: Your flesh is very heat resistant. (rF++)
                  | [Xom's grace]
  5362 | D:5      | Gained mutation: Your flesh is very cold resistant. (rC++)
                  | [Xom's grace]
  5517 | D:5      | Reached skill level 5 in Fighting
  5686 | D:5      | XOM: 1-stop teleportation journey
  5914 | D:5      | Noticed Edmund
  5918 | D:5      | Found a hazy altar of Hepliaklqana.
  5919 | D:5      | Found a faded altar of an unknown god.
  5925 | D:5      | Killed Edmund
  6064 | D:6      | Reached skill level 9 in Stealth
  6077 | D:6      | XOM: noise
  6084 | D:6      | Found a glowing golden altar of the Shining One.
  6084 | D:6      | XOM: potion effect (curing)
  6093 | D:6      | Noticed a white ugly thing
  6101 | D:6      | XOM: cast spell 'Summon Cactus Giant'
  6103 | D:6      | Reached skill level 5 in Dodging
  6196 | D:6      | XOM: cast spell 'Olgreb's Toxic Radiance'
  6200 | D:6      | XOM: divination: detect creatures
  6202 | D:6      | XOM: potion effect (curing)
  6210 | D:6      | Reached XP level 9. HP: 19/59 MP: 9/9
  6218 | D:6      | Gained mutation: You are extremely strong-willed. (Will+++)
                  | [hidden potential]
  6302 | D:6      | XOM: silly message
  6354 | D:6      | XOM: confuse monster(s)
  6371 | D:6      | Killed a white ugly thing
  6628 | D:6      | Reached skill level 10 in Stealth
  6645 | D:6      | Found a shadowy altar of Dithmenos.
  6650 | D:6      | XOM: noise
  6871 | D:6      | XOM: noise
  6976 | D:6      | XOM: divination: detect items
  7050 | D:6      | Upgraded the game from 0.31-a0-702-gf82c85558f to
                  | 0.31-a0-703-gcfe89afef6
  7126 | D:7      | XOM: silly message
  7136 | D:7      | Reached skill level 11 in Stealth
  7204 | D:7      | Reached XP level 10. HP: 64/69 MP: 10/10
  7256 | D:7      | Gained mutation: One of your tentacles bears a nasty spike.
                  | [hidden potential]
  7256 | D:7      | Lost mutation: You have hidden genetic potential. [hidden
                  | potential expressed]
  7345 | D:7      | XOM: cloud trail
  7739 | D:7      | Found a runed translucent door.
  7740 | D:7      | Noticed Crazy Yiuf
  7821 | D:7      | Found a hide-covered altar of Uskayaw.
  7832 | D:7      | Reached skill level 1 in Evocations
  7941 | D:7      | Killed Crazy Yiuf
  8125 | D:8      | XOM: cast spell 'Dispersal'
  8298 | D:8      | You fall into a shaft and drop 1 floor!
  8399 | D:8      | Reached skill level 12 in Stealth
  8432 | D:8      | XOM: enchant monster (good)
  8450 | D:8      | XOM: noise
  8480 | D:8      | XOM: cloud trail
  8658 | D:8      | XOM: smoke on damage
  8699 | D:8      | XOM: enchant monster (good)
  8701 | D:8      | XOM: summons 8 friendly demons
  8817 | D:8      | XOM: scenery: create altars
  9012 | D:9      | Found an opulent altar of Gozag.
  9042 | D:9      | XOM: 1-stop teleportation journey
  9059 | D:9      | Found a sacrificial altar of Ru.
  9296 | D:9      | XOM: polymorph centaur -> steam dragon
  9469 | D:10     | Entered Level 10 of the Dungeon
  9469 | D:10     | Found an ornate altar of the Wu Jian Council.
  9476 | D:10     | XOM: give mutation
  9476 | D:10     | Lost mutation: Your spells are a little harder to cast, but
                  | a little more powerful. [Xom's mischief]
  9514 | D:10     | Found Esti Harr's Jewellery Boutique.
  9530 | D:10     | Bought a +5 ring of evasion for 432 gold pieces
  9580 | D:10     | XOM: destruction
  9586 | D:10     | XOM: confuse monster(s)
  9594 | D:10     | XOM: destruction
  9599 | D:10     | Reached skill level 13 in Stealth
  9685 | D:10     | XOM: cloud trail
  9721 | D:10     | Reached XP level 11. HP: 34/75 MP: 11/11
  9790 | D:9      | XOM: silly message
  9913 | D:10     | XOM: divination: magic mapping
 10022 | D:10     | Found a shimmering blue altar of Sif Muna.
 10091 | D:10     | XOM: divination: magic mapping
 10276 | D:10     | XOM: cast spell 'Alistair's Intoxication'
 10292 | D:10     | XOM: enchant monster (good)
 10311 | D:10     | XOM: divination: magic mapping
 10317 | D:10     | XOM: divination: detect items
 10318 | D:10     | XOM: silly message
 10325 | D:10     | XOM: cleaving
 10344 | D:10     | XOM: cloud trail
 10550 | D:10     | Found a staircase to the Orcish Mines.
 10608 | D:10     | XOM: god gift: 50 gold pieces
 10679 | D:11     | Noticed a skeletal warrior
 10679 | D:11     | Noticed a skeletal warrior
 10679 | D:11     | Noticed a skeletal warrior
 10679 | D:11     | Noticed a skeletal warrior
 10680 | D:11     | Killed a skeletal warrior
 10681 | D:11     | Reached skill level 5 in Evocations
 10683 | D:11     | Killed a skeletal warrior
 10683 | D:11     | XOM: summons 11 friendly demons
 10684 | D:11     | Reached skill level 14 in Stealth
 10688 | D:11     | XOM: polymorph quasit -> crimson imp
 10701 | D:11     | Killed a skeletal warrior
 10709 | D:11     | Killed a skeletal warrior
 10763 | D:11     | Noticed a cyclops
 10782 | D:11     | Killed a cyclops
 10822 | D:11     | Identified the +0 dagger "Suadaroo" {spect, rElec rPois
                  | Int+2}
 10853 | D:11     | Noticed a two-headed ogre
 10869 | D:11     | XOM: 1-stop teleportation journey
 10872 | D:11     | XOM: polymorph electric eel -> swamp drake
 10885 | D:11     | Killed a two-headed ogre
 11002 | D:11     | XOM: 8-stop teleportation journey
 11084 | D:11     | XOM: summons 11 friendly demons
 11090 | D:11     | XOM: scenery: create altars
 11105 | D:11     | Reached XP level 12. HP: 84/84 MP: 12/12
 11152 | D:11     | Reached skill level 15 in Stealth
 11387 | D:11     | XOM: stat loss: -1 Str (10/11)
 11406 | D:11     | XOM: give mutations
 11406 | D:11     | Gained mutation: You have a beak for a mouth. [Xom's grace]
 11406 | D:11     | Gained mutation: You possess an exceptional clarity of
                  | mind. [Xom's grace]
 11406 | D:11     | Gained mutation: You are resistant to electric shocks.
                  | (rElec) [Xom's grace]
 11406 | D:11     | Gained mutation: Your muscles are strong. (Str +4, Int/Dex
                  | -1) [Xom's grace]
 11418 | D:11     | Reached skill level 10 in Short Blades
 11428 | D:11     | XOM: scenery: 2 doors open
 11569 | D:11     | Noticed Josephine
 11583 | D:11     | Killed Josephine
 11783 | D:11     | XOM: 4-stop teleportation journey
 11854 | D:11     | XOM: cleaving
 11860 | D:11     | XOM: fog
 11880 | D:11     | XOM: confuse monster(s)
 11887 | D:11     | XOM: god gift: wand of charming (3)
 12064 | D:11     | XOM: fog
 12070 | D:11     | XOM: summons friendly white imp
 12152 | D:11     | Found a staircase to the Lair.
 12159 | Lair:1   | Entered Level 1 of the Lair of Beasts
 12271 | Lair:1   | Reached skill level 16 in Stealth
 12357 | Lair:1   | Noticed Urug
 12364 | Lair:1   | XOM: blink monster(s)
 12369 | Lair:1   | Killed Urug
 12466 | Lair:1   | XOM is BORED!
 12466 | Lair:1   | XOM: 1-stop teleportation journey
 12589 | Lair:1   | XOM: enchant monster (good)
 12651 | Lair:1   | Reached skill level 1 in Shapeshifting
 12776 | Lair:1   | XOM: silly message
 12809 | Lair:1   | XOM: cloud trail
 12955 | Lair:1   | XOM: scenery: summon butterflies
 13083 | Lair:1   | XOM: god gift: chain mail {god gift}
 13132 | Lair:2   | XOM: stealth player
 13135 | Lair:2   | Found a staircase to the Shoals.
 13156 | Lair:2   | Noticed Maggie
 13166 | Lair:2   | Killed Maggie
 13177 | Lair:2   | Found a frozen archway.
 13189 | IceCv    | Entered an ice cave
 13192 | IceCv    | Found a transporter.
 13197 | IceCv    | Reached XP level 13. HP: 90/90 MP: 13/13
 13224 | IceCv    | Found a transporter.
 13226 | IceCv    | XOM: polymorph white ugly thing -> purple ugly thing
 13240 | IceCv    | XOM: enchant monster (good)
 13277 | IceCv    | XOM: summons friendly shadow imp
 13289 | IceCv    | XOM: summons 12 friendly demons
 13295 | IceCv    | Reached skill level 10 in Dodging
 13336 | IceCv    | XOM: give mutations
 13336 | IceCv    | Gained mutation: You are somewhat resistant to further
                  | mutation. [Xom's grace]
 13336 | IceCv    | Gained mutation: Your natural rate of healing is unusually
                  | fast. [Xom's grace]
 13336 | IceCv    | Gained mutation: Your mind is acute. (Int +4, Str/Dex -1)
                  | [Xom's grace]
 13336 | IceCv    | Gained mutation: You passively map a small area around you.
                  | [Xom's grace]
 13352 | Lair:2   | Reached skill level 17 in Stealth
 13371 | Lair:2   | XOM: give mutations
 13371 | Lair:2   | Lost mutation: Your natural rate of healing is unusually
                  | fast. [Xom's mischief]
 13371 | Lair:2   | Lost mutation: Your mind is acute. (Int +4, Str/Dex -1)
                  | [Xom's mischief]
 13500 | Lair:2   | Found a hole to the Spider Nest.
 13763 | Lair:2   | Noticed Gastronok
 13777 | Lair:2   | Killed Gastronok
 14114 | Lair:3   | Noticed Kirke
 14124 | Lair:3   | XOM: summons friendly white imp
 14128 | Lair:3   | XOM: confuse monster(s)
 14130 | Lair:3   | XOM: scenery: summon butterflies
 14135 | Lair:3   | XOM: divination: detect items
 14142 | Lair:3   | XOM: summons friendly shadow imp
 14145 | Lair:3   | XOM: swap monsters
 14172 | Lair:3   | XOM: summons friendly quasit
 14176 | Lair:3   | Reached skill level 18 in Stealth
 14180 | Lair:3   | Killed Kirke
 14324 | Lair:3   | XOM: polymorph quasit -> cerulean imp
 14360 | Lair:3   | XOM: 1-stop teleportation journey
 14367 | Lair:3   | an eight-headed hydra changed into an emperor scorpion
 14367 | Lair:3   | Noticed an emperor scorpion
 14367 | Lair:3   | XOM: polymorph eight-headed hydra -> emperor scorpion
 14374 | Lair:3   | XOM: potion effect (heal wounds)
 14486 | Lair:3   | XOM: divination: detect items
 14497 | Lair:3   | XOM: cast spell 'Call Canine Familiar'
 14498 | Lair:3   | XOM: divination: magic mapping
 14505 | Lair:3   | XOM: divination: magic mapping
 14510 | Lair:3   | XOM: silly message
 14529 | Lair:3   | XOM: potion effect (haste)
 14532 | Lair:3   | XOM: silly message
 14534 | Lair:3   | XOM: potion effect (curing)
 14537 | Lair:3   | XOM: cast spell 'Leda's Liquefaction'
 14538 | Lair:3   | XOM: silly message
 14539 | Lair:3   | XOM: noise
 14544 | Lair:3   | XOM: blink monster(s)
 14559 | Lair:3   | XOM: confuse monster(s)
 14569 | Lair:3   | XOM: noise
 14604 | Lair:3   | XOM: enchant monster (good)
 14605 | Lair:3   | XOM: confuse monster(s)
 14606 | Lair:3   | XOM: enchant monster (bad)
 14614 | Lair:3   | XOM: summons friendly white imp
 14728 | Lair:3   | Killed an emperor scorpion
 14728 | Lair:3   | XOM: noise
 14729 | Lair:3   | Reached XP level 14. HP: 98/98 MP: 0/14
 14953 | Lair:3   | XOM: cloud trail
 15001 | Lair:3   | XOM: god gift: 21 gold pieces
 15439 | Lair:4   | XOM: potion effect (attraction)
 15448 | Lair:4   | XOM: summons friendly shadow imp
 15451 | Lair:4   | XOM: divination: detect creatures
 15470 | Lair:4   | Reached skill level 10 in Fighting
 15693 | Lair:4   | XOM: 1-stop teleportation journey
 15793 | Lair:4   | XOM: destruction
 15805 | Lair:4   | XOM: fog
 15812 | Lair:4   | XOM: 1-stop teleportation journey
 15843 | Lair:4   | XOM: divination: magic mapping
 15845 | Lair:4   | XOM: enchant monster (bad)
 16124 | Lair:4   | a catoblepas changed into an azure jelly
 16124 | Lair:4   | Noticed an azure jelly
 16124 | Lair:4   | XOM: polymorph catoblepas -> azure jelly
 16130 | Lair:4   | XOM: noise
 16146 | Lair:4   | Killed an azure jelly
 16304 | D:11     | XOM: summons 2 hostile demons
 16638 | D:10     | XOM: give mutation
 16638 | D:10     | Lost mutation: Your muscles are strong. (Str +4, Int/Dex
                  | -1) [Xom's mischief]
 16768 | Lair:4   | XOM: scenery: summon butterflies
 16783 | Lair:4   | Reached skill level 19 in Stealth
 16868 | Lair:4   | Reached skill level 5 in Shapeshifting
 16999 | Lair:4   | XOM: summons friendly shadow imp
 17014 | Lair:4   | XOM: god gift: scroll of fog
 17015 | Lair:4   | Got Etaad's Tome of Abominable Arts
 17068 | Lair:5   | Entered Level 5 of the Lair of Beasts
 17098 | Lair:5   | Noticed a quicksilver ooze
 17098 | Lair:5   | XOM: 8-stop teleportation journey
 17142 | Lair:5   | XOM: destruction
 17168 | Lair:5   | XOM: divine lightning
 17256 | Lair:5   | XOM: polymorph yak -> black mamba
 17266 | Lair:5   | Reached skill level 1 in Shields
 17268 | Lair:5   | Identified the ring "Anlent" {rN+ MP+9 Str+2 Stlth+} (Xom
                  | gifted it to you on level 5 of the Lair of Beasts)
 17268 | Lair:5   | XOM: god gift: ring "Anlent" {rN+ MP+9 Str+2 Stlth+}
 17278 | Lair:5   | XOM: enchant monster (bad)
 17292 | Lair:5   | Reached skill level 10 in Evocations
 17335 | Lair:5   | XOM: enchant monster (good)
 17439 | Lair:5   | Noticed a quicksilver ooze
 17444 | Lair:5   | Killed a quicksilver ooze
 17444 | Lair:5   | Noticed an azure jelly
 17559 | Lair:5   | XOM: enchant monster (good)
 17567 | Lair:4   | Killed an azure jelly
 17633 | Lair:5   | Noticed an azure jelly
 17636 | Lair:5   | Killed a quicksilver ooze
 17648 | Lair:5   | Killed an azure jelly
 17773 | Lair:5   | Noticed an azure jelly
 17778 | Lair:5   | XOM: divination: detect items
 17787 | Lair:5   | Killed an azure jelly
 17789 | Lair:5   | XOM: polymorph jelly -> howler monkey
 17791 | Lair:5   | XOM: enchant monster (bad)
 17792 | Lair:5   | XOM: cast spell 'Summon Cactus Giant'
 17938 | Lair:5   | Noticed an azure jelly
 17971 | Lair:5   | XOM: confuse monster(s)
 18079 | Lair:5   | XOM: cleaving
 18087 | Lair:5   | XOM: cast spell 'Disjunction'
 18176 | Lair:5   | Killed an azure jelly
 18177 | Lair:5   | Reached XP level 15. HP: 81/105 MP: 13/15
 18181 | Lair:4   | XOM: summons friendly ufetubus
 18378 | Lair:5   | Found a staircase to the Slime Pits.
 18378 | Lair:5   | Found a viscous altar of Jiyva.
 18580 | Lair:5   | XOM: summons friendly white imp
 18614 | Lair:5   | Found a runed translucent door.
 18624 | Lair:5   | XOM: cloud trail
 18635 | Lair:5   | XOM: destruction
 18643 | Lair:5   | XOM: summons friendly ufetubus
 18652 | Lair:5   | XOM: cast spell 'Dispersal'
 18670 | Lair:5   | XOM: cleaving
 18672 | Lair:5   | Slain by a torpor snail

Illustrated notes

Levels and vault maps discovered:
D:1:      roderic_crossed_star, layout_basic, nicolae_shop_vocational
D:2:      layout_basic, shapermc_ecumenical_altar_mp_ritualfount
D:3:      layout_basic, nicolae_overflow_hidden_temple, lightli_temple_of_fire,
          serial_shops, nicolae_shop_stone, serial_forest,
          infiniplex_forest_lined_ring, infiniplex_forest_clump_long,
          infiniplex_forest_corner_2, infiniplex_forest_clump_small,
          infiniplex_forest_lined_4_way, infiniplex_forest_split,
          minmay_fractal_squares_gapless_5
D:4:      layout_basic, nicolae_qazlal_beasts_of_the_sky, corner_web_ring,
          uniq_grinder
D:5:      layout_rooms, beargit_hepliaklqana_dungeon_heroes,
          minmay_temple_entry_grid
D:6:      kennysheep_steamy, layout_basic, grunt_dithmenos_shadows,
          nicolae_tso_besieged_by_evil, enter_ossuary_5
D:7:      layout_cave_pools, nicolae_uskayaw_murder_on_the_dancefloor,
          serial_column_ruins, column_ruins_hut, column_ruins_corridor_straight,
          column_ruins_grid_1, column_ruins_grid_1, column_ruins_open_small,
          uniq_crazy_yiuf_cottage
D:8:      old_forge, layout_loops_cross
D:9:      layout_irregular_city, overflow_temple_1_default, kennysheep_mini
D:10:     layout_roguey [special_room_orc], mainiacjoe_overflow_small_starburst,
          mainiacjoe_overflow_24_doors, hiddenorc1_lemuel, serial_shops,
          nicolae_shop_window_shopping
D:11:     layout_basic, grunt_lair_entry_orc_guard_hut, uniq_josephine
Lair:1:   layout_small_grid, wad_woods_03, uniq_urug
Lair:2:   beast_lair_carwin_large_4, layout_hall_layers, shoals_dummy_entry,
          spider_nest_entry_a, portal_ice_cave_entry_ice_simulacra,
          nicolae_quartered_pool_little, uniq_gastronok, uniq_maggie
Lair:3:   layout_chaotic_city, cheibrodos_lair_lostbears, uniq_kirke
Lair:4:   layout_long_grid, ice2_lemuel
Lair:5:   wormcave, layout_misc_corridors, minmay_slime_entry_jelly_boxes,
          special_room [special_room_jelly]

Skill      XL: |  1  2  3  4  5  6  7  8  9 10 11 12 13 14 15 |
---------------+----------------------------------------------+-----
Stealth        | 1 3 5 7 9 11 13 14 16 18 19 | 19.6
Short Blades   | 4 5 6 8 9 10 11 | 11.1
Fighting       | 4 5 6 7 8 9 10 | 10.7
Dodging        | 3 5 6 7 8 9 10 12 | 12.3
Evocations     | 3 6 7 9 10 | 10.6
Shapeshifting  | 1 4 6 |  6.4
Shields        | 2 3 |  3.1

Action                     |  1- 3 |  4- 6 |  7- 9 | 10-12 | 13-15 || total
---------------------------+-------+-------+-------+-------+-------++-------
  Melee: Short sword       |    77 |    57 |   182 |       |       ||   316
         Tentacles         |    17 |    13 |    55 |   214 |   293 ||   592
         Constrict         |    21 |    14 |    51 |   102 |    59 ||   247
         Punch             |     1 |       |     4 |    14 |    15 ||    34
         Kick              |       |    25 |   110 |   380 |   490 ||  1005
         Dagger            |       |       |    74 |   829 |   881 ||  1784
         Peck              |       |       |       |    64 |   331 ||   395
  Evoke: Wand              |       |       |       |    10 |    21 ||    31
    Use: Potion            |     1 |     2 |     2 |     2 |     2 ||     9
         Scroll            |       |       |     9 |     5 |     8 ||    22
   Stab: Sleeping          |    11 |     3 |    19 |    42 |    21 ||    96
         Paralysed         |       |       |     1 |     2 |     1 ||     4
         Confused          |       |       |       |     3 |     5 ||     8
         Held in net/web   |       |       |       |     2 |       ||     2
         Distracted        |       |       |       |     3 |    13 ||    16
         Petrified         |       |       |       |     1 |     2 ||     3
         Petrifying        |       |       |       |       |     1 ||     1
 Armour: Skin              |    32 |    27 |   108 |   170 |   305 ||   642
  Dodge: Dodged            |    40 |    25 |   149 |   560 |   758 ||  1532
  Block: Kite shield       |       |       |       |       |   120 ||   120

Table legend: (Time is in decaauts)
 A = Elapsed time spent in this place.
 B = Non-inter-level travel time spent in this place.
 C = Inter-level travel time spent in this place.
 D = Time resting spent in this place.
 E = Time spent auto-exploring this place.
 F = Levels seen in this place.
 G = Mean time per level.
                   A        B        C        D        E       F      G
               +--------+--------+--------+--------+--------+-----+--------+
         Total |  17870 |  16817 |   1053 |   3209 |   9857 |  17 | 1051.2 |
       Dungeon |  12173 |  11453 |    720 |   2603 |   6760 |  11 | 1106.6 |
          Lair |   5556 |   5224 |    332 |    583 |   3097 |   5 | 1111.2 |
      Ice Cave |    140 |    140 |      0 |     23 |      0 |   1 |  140.0 |
               +--------+--------+--------+--------+--------+-----+--------+

Top non-repeatable levels by time:
     D:1: 1917 daAuts
    D:11: 1484 daAuts
  Lair:4: 1470 daAuts
  Lair:3: 1202 daAuts
     D:3: 1136 daAuts
    D:10: 1112 daAuts
  Lair:5: 1092 daAuts
     D:5: 1086 daAuts
     D:6: 1084 daAuts
     D:2: 1041 daAuts
  Lair:1: 961 daAuts
     D:4: 940 daAuts
     D:7: 889 daAuts
  Lair:2: 829 daAuts
     D:8: 809 daAuts
